 Dungeon Crawl Stone Soup version 0.21-a0-476-gd103f4b (webtiles) character file.

294 Laiders the Basher (level 6, -1/51 HPs)
             Began as a Minotaur Berserker on Nov 22, 2017.
             Was a Believer of Trog.
             Slain by an ogre
             ... wielding a +0 giant club
              (14 damage)
             ... on level 4 of the Dungeon.
             The game lasted 00:05:27 (2552 turns).

Laiders the Basher (Minotaur Berserker)             Turns: 2552, Time: 00:05:27

Health: -1/51      AC: 12    Str: 24    XL:     6   Next: 11%
Magic:  5/5        EV:  7    Int:  4    God:    Trog [**....]
Gold:   163        SH:  0    Dex:  9    Spells: 5/5 levels left

rFire    . . .     SeeInvis .   a - +0 mace
rCold    . . .     Gourm    .   (no shield)
rNeg     . . .     Faith    .   o - +0 plate armour
rPois    +         Spirit   .   (helmet restricted)
rElec    .         Reflect  .   (no cloak)
rCorr    .         Harm     .   u - +0 pair of gloves
MR       +....                  (no boots)
Stlth    ..........             (no amulet)
HPRegen  0.17/turn              f - ring of protection from magic
MPRegen  0.09/turn              h - ring of poison resistance

@: no status effects
A: retaliatory headbutt, horns 2
a: Berserk, Trog's Hand, Burn Spellbooks, Renounce Religion


You were on level 4 of the Dungeon.
You worshipped Trog.
Trog was pleased with you.
You were not hungry.

You visited 1 branch of the dungeon, and saw 4 of its levels.

You collected 163 gold pieces.

Inventory:

Hand Weapons
 a - a +0 mace (weapon)
Armour
 o - a +0 plate armour (worn)
 u - a +0 pair of gloves (worn)
Jewellery
 f - a ring of protection from magic (left hand)
 h - a ring of poison resistance (right hand)
 r - an uncursed ring of protection from cold {unknown}
Scrolls
 b - a scroll of fog {unknown}
 j - 7 scrolls of teleportation
 l - 4 scrolls of blinking
 m - a scroll of enchant weapon {unknown}
 s - a scroll of noise {unknown}
 t - a scroll of magic mapping {unknown}
 v - a scroll of identify
Potions
 d - 2 potions of might
 e - a potion of mutation
 g - a potion of heal wounds
 k - 3 potions of curing
 q - a potion of haste {unknown}
Comestibles
 c - 2 bread rations
 i - 3 royal jellies
 n - 2 chunks of flesh
 p - 2 meat rations


   Skills:
 - Level 3.6 Fighting
 + Level 8.3 Maces & Flails
 - Level 2.4 Armour
 - Level 2.1 Dodging


You had 5 spell levels left.
You didn't know any spells.

Dungeon Overview and Level Annotations

Branches:
Dungeon (4/15)
 Temple: D:4-7

Altars:
Hepliaklqana
Qazlal

Shops:
D:4 }


Innate Abilities, Weirdness & Mutations

You reflexively headbutt those who attack you in melee.
You have a pair of horns on your head.


Message History

You open the door.
There is an open door here.
An ogre comes into view. It is wielding a giant club.
The ogre shouts!
The ogre hits you with a giant club.
You hit the ogre but do no damage. The ogre barely misses you.
You sock the ogre! You headbutt the ogre.
The ogre is heavily wounded.
The ogre hits you with a giant club!
You hit the ogre.
The ogre is heavily wounded.
The ogre hits you with a giant club!
* * * LOW HITPOINT WARNING * * *
Your plate armour prevents you from hitting the ogre.
You headbutt the ogre!
The ogre is almost dead.
You hit the ogre but do no damage.
The ogre is almost dead.
The ogre hits you with a giant club!
You die...

##.## ##. #.# #.. #.#
#.# ##'## #.# ##...##
#.# ##.....## #.#
##.......## ##.##
#.........####...##
+.........'.....@O#
#...(.....####......#
##.......## ##..##.#
#.......## ...# .#
#.##...## #.#..# # #.
#..## #....# #. #..#
###..# .. #..# #...
#..


You could see an ogre.

Vanquished Creatures
  A phantom (D:3)
  An orc wizard (D:4)
  An iguana (D:3)
  3 gnolls (D:3)
  6 adders
  6 dart slugs
  2 leopard geckos
  3 orcs (D:4)
  6 bats
  6 giant cockroaches
  9 goblins
  5 hobgoblins
  5 frilled lizards
  3 kobolds (D:2)
  A leopard gecko skeleton (D:4)
  A quokka skeleton (D:4)
  5 rats
64 creatures vanquished.

Notes
Turn   | Place    | Note
-------+----------+-------------------------------------------
     0 | D:1      | Laiders the Minotaur Berserker began the quest for the Orb.
     0 | D:1      | Reached XP level 1. HP: 19/19 MP: 0/0
   180 | D:1      | Reached skill level 4 in Maces & Flails
   186 | D:1      | Reached XP level 2. HP: 26/26 MP: 1/1
   541 | D:2      | Reached skill level 5 in Maces & Flails
   541 | D:2      | Reached XP level 3. HP: 26/31 MP: 2/2
   667 | D:2      | Reached ** piety under Trog
   747 | D:2      | Found a stormy altar of Qazlal.
   990 | D:2      | Reached skill level 6 in Maces & Flails
   990 | D:2      | Reached XP level 4. HP: 27/39 MP: 3/3
  1539 | D:3      | Found a hazy altar of Hepliaklqana.
  1610 | D:3      | Noticed a phantom
  1656 | D:3      | Killed a phantom
  1656 | D:3      | Reached skill level 7 in Maces & Flails
  1656 | D:3      | Reached XP level 5. HP: 44/45 MP: 4/4
  1983 | D:3      | Reached skill level 8 in Maces & Flails
  2272 | D:4      | Reached XP level 6. HP: 51/51 MP: 5/5
  2397 | D:4      | Found Aguyh's Gadget Emporium.
  2552 | D:4      | Slain by an ogre

Vault maps used:
D:1:      denvon_arrival_waterhouse
D:2:      nicolae_qazlal_general_emergency
D:3:      overflow_temple_1_default
D:4:      gammafunk_temple_overflow_statue, serial_glass, glass_columns_c,
          glass_columns_b, serial_shops, shop, first_bread

Skill      XL: |  1  2  3  4  5 |
---------------+----------------+-----
Maces & Flails | 4 5 6 7 8 |  8.3
Fighting       | |  3.6
Armour         | |  2.4
Dodging        | |  2.1

Action                   |  1- 3 |  4- 6 || total
-------------------------+-------+-------++-------
Melee: Mace              |    73 |   101 ||   174
       Headbutt          |     8 |    22 ||    30
Invok: Berserk           |       |     2 ||     2
       Trog's Hand       |       |     2 ||     2
  Use: Scroll            |     3 |     6 ||     9
  Eat: Chunk             |       |     8 ||     8
Armor: Ring mail         |     7 |       ||     7
       Chain mail        |    33 |    45 ||    78
       Plate armour      |       |    16 ||    16
Dodge: Dodged            |    38 |    51 ||    89

Table legend:
 A = Spawn XP
 B = Non-spawn XP
 C = Spawn XP percentage of total XP
 D = Spawn monster count
 E = Non-spawn monster count
 F = Spawn count percentage of total count
 G = Total turns spent on level
                    A         B        C        D         E        F      G
               +---------+---------+-------+---------+---------+-------+---------
         Total |       0 |     420 |   0.0 |       0 |      64 |   0.0 |  2552
               +---------+---------+-------+---------+---------+-------+---------
           D:1 |       0 |      22 |   0.0 |       0 |      12 |   0.0 |   504
           D:2 |       0 |      89 |   0.0 |       0 |      22 |   0.0 |   748
           D:3 |       0 |     239 |   0.0 |       0 |      20 |   0.0 |   979
           D:4 |       0 |      70 |   0.0 |       0 |      10 |   0.0 |   321
               +---------+---------+-------+---------+---------+-------+---------
